 Dungeon Crawl Stone Soup version 0.26.0-10-g1f06aea511 (webtiles) character file.

Game seed: 10424161056296969979

6453 loralnil the Arsonist (level 10, 0/69 HPs)
             Began as a Black Draconian Fire Elementalist on Jan 15, 2021.
             Was a Priest of Qazlal.
             Killed from afar by Maggie (15 damage)
             ... with a bolt of fire
             ... on level 9 of the Dungeon.
             The game lasted 00:24:21 (11777 turns).

loralnil the Arsonist (DrFE)                       Turns: 11777, Time: 00:24:22

Health: 0/69       AC:  8    Str: 10    XL:     10   Next: 67%
Magic:  14/19      EV: 15    Int: 18    God:    Qazlal [***...]
Gold:   524        SH:  4    Dex: 13    Spells: 6/22 levels left

rFire    . . .     SeeInvis .   n - +4 scythe
rCold    . . .     Faith    .   (shield currently unavailable)
rNeg     . . .     Spirit   .   (armour unavailable)
rPois    .         Reflect  .   (helmet restricted)
rElec    +         Harm     .   h - +0 cloak
rCorr    .         Rampage  .   (no gloves)
Will     .....                  (no boots)
Stlth    ++........             (no amulet)
HPRegen  0.21/turn              (no ring)
MPRegen  0.16/turn              (no ring)

@: mesmerised
A: breathe lightning, unfitting armour, electricity resistance, cold-blooded, AC
+7
a: Breathe Lightning, Renounce Religion, Upheaval, Elemental Force


You were on level 9 of the Dungeon.
You worshipped Qazlal.
Qazlal was most pleased with you.
You visited 2 branches of the dungeon, and saw 10 of its levels.

You collected 524 gold pieces.

Inventory:

Hand Weapons
 n - a +4 scythe (weapon)
Armour
 h - a +0 cloak (worn)
Wands
 j - a wand of paralysis (15)
 m - a wand of digging (2)
 q - a wand of acid (9)
 v - a wand of disintegration (14)
 w - a wand of random effects (23)
Scrolls
 c - 3 scrolls of remove curse
 d - 6 scrolls of immolation
 e - a scroll of magic mapping
 g - a scroll of fog
 i - a scroll of amnesia
 l - 2 scrolls of enchant armour {unknown}
 p - 2 scrolls of fear
 s - 2 scrolls of teleportation
Potions
 a - 4 potions of might
 f - 3 potions of curing
 k - 2 potions of magic
 o - 3 potions of flight
 r - 2 potions of attraction
 t - a potion of lignification {unknown}
 u - a potion of berserk rage


   Skills:
 - Level 3.0 Polearms
 + Level 6.3 Dodging
 - Level 3.8 Stealth
 + Level 6.5 Spellcasting
 - Level 4.0 Conjurations
 - Level 3.0 Hexes
 * Level 10.1 Fire Magic
 + Level 5.9 Invocations


You had 6 spell levels left.
You knew the following spells:

 Your Spells              Type           Power        Failure   Level
a - Foxfire               Conj/Fire      100%         1%          1
b - Conjure Flame         Conj/Fire      31%          1%          3
c - Inner Flame           Hex/Fire       29%          2%          3
d - Sticky Flame          Conj/Fire      31%          6%          4
e - Fireball              Conj/Fire      15%          17%         5

Your spell library contained the following spells:

 Spells                   Type           Power        Failure   Level
 Corona                   Hex            17%          3%          1
 Dazzling Flash           Conj/Hex       36%          9%          3
 Ensorcelled Hibernation  Hex/Ice        22%          10%         2
 Confusing Touch          Hex            16%          10%         3
 Tukima's Dance           Hex            16%          10%         3
 Summon Small Mammal      Summ           20%          12%         1
 Call Imp                 Summ           5%           17%         2
 Summon Guardian Golem    Hex/Summ       11%          19%         3
 Call Canine Familiar     Summ           5%           34%         3
 Gell's Gravitas          Tloc           2%           34%         3
 Petrify                  Tmut/Erth      5%           75%         4
 Summon Ice Beast         Ice/Summ       5%           75%         4
 Summon Lightning Spire   Summ/Air       5%           75%         4
 Metabolic Englaciation   Hex/Ice        5%           86%         5
 Yara's Violent Unravell  Hex/Tmut       5%           86%         5


Dungeon Overview and Level Annotations

Branches:
Dungeon (9/15)             Temple (1/1) D:4             Orc (0/2) D:9
   Lair: D:8-11

Altars:
Ashenzari
Cheibriados
Dithmenos
Elyvilon
Fedhas
Gozag
Kikubaaqudgha
Makhleb
Nemelex Xobeh
Okawaru
Qazlal
Ru
Sif Muna
Trog
Uskayaw
Vehumet
Wu Jian
Xom
Yredelemnul
Zin
The Shining One

Annotations:
D:5 3 runed translucent doors, Raspi's ghost, novice TeGl
D:6 2 transporters, MajorAdolf's ghost, novice NaWn
D:9 Maggie


Innate Abilities, Weirdness & Mutations

You can breathe wild blasts of lightning.
Your glossy black scales are hard. (AC +7)
You cannot fit into any form of body armour.
You are resistant to electric shocks. (rElec)
You are cold-blooded and may be slowed by cold attacks.


Message History

The scorpion is lightly wounded.
The scorpion is covered in liquid flames!
The scorpion burns!
Maggie hits you but does no damage.
The scorpion stings you but does no damage.
You slash the scorpion!
The scorpion is almost dead.
The scorpion burns!
You kill the scorpion!
Qazlal accepts your kill.
Maggie hits you from afar with a +0 halberd.
* * * LOW HITPOINT WARNING * * *
Maggie hits you from afar with a +0 halberd.
* * * LOW HITPOINT WARNING * * *
You cannot move away from Maggie!
You cannot move away from Maggie!
You cannot move away from Maggie!
You cannot move away from Maggie!
Maggie casts a spell at you. The bolt of fire hits you!
You die...

. ..
#..########
#......÷<.#
.###..§@.#
#..[@○###.#.
###[..........
#.(.....###.#.
#.#####.# #.#
.# #.# .# #.#
.# #.# .#


You could see Maggie (mesmerising).

Vanquished Creatures
  2 two-headed ogres (D:8)
  Pikel (D:7)
  An ugly thing (D:8)
  A cyclops (D:8)
  Sigmund (D:2)
  Menkaure (D:4)
  4 sky beasts
  2 black bears
  An orc warrior (D:7)
  An ice beast (D:9)
  4 phantoms
  A necrophage (D:6)
  A lemure (D:7)
  3 ogres (D:7)
  4 bullfrogs
  A wyvern zombie (D:8)
  4 scorpions
  4 killer bees
  11 howler monkeys
  2 electric eels (D:8)
  A bullfrog zombie (D:8)
  A quasit (D:8)
  9 orc wizards
  5 orc priests
  3 hounds (D:6)
  Natasha (D:2)
  An iguana (D:4)
  4 worker ants
  A hound skeleton (D:8)
  13 adders
  5 gnolls
  A howler monkey skeleton (D:7)
  4 white imps
  An ufetubus (D:6)
  An adder zombie (D:8)
  2 oozes
  3 adder skeletons
  3 worms
  4 dart slugs
  6 leopard geckos
  33 orcs
  A ball python (D:1)
  4 giant cockroaches
  7 goblins
  3 hobgoblins
  8 jackals
  8 kobolds
  4 quokkas
  14 bats
  4 frilled lizards
  2 jackal skeletons
  A quokka skeleton (D:8)
  4 rats
212 creatures vanquished.

Vanquished Creatures (others)
  An ufetubus (D:8)
  659 foxfires
  3 plants (D:8)
663 creatures vanquished.

Grand Total: 875 creatures vanquished

Notes
Turn   | Place    | Note
-------+----------+-------------------------------------------
     0 | D:1      | loralnil the Draconian Fire Elementalist began the quest
                  | for the Orb.
     0 | D:1      | Reached XP level 1. HP: 14/14 MP: 3/3
   119 | D:1      | Reached XP level 2. HP: 20/20 MP: 3/5
  1024 | D:2      | Noticed Natasha
  1068 | D:2      | Reached XP level 3. HP: 15/26 MP: 1/6
  1072 | D:2      | Learned a level 3 spell: Conjure Flame
  1368 | D:2      | Found an opulent altar of Gozag.
  1812 | D:2      | Reached XP level 4. HP: 31/33 MP: 2/7
  1816 | D:2      | Learned a level 3 spell: Inner Flame
  1889 | D:2      | Noticed Sigmund
  1946 | D:2      | Killed Sigmund
  1947 | D:2      | Reached skill level 4 in Fire Magic
  1947 | D:2      | Reached XP level 5. HP: 13/38 MP: 0/9
  2180 | D:2      | Killed Natasha
  2479 | D:3      | Reached XP level 6. HP: 45/45 MP: 10/10
  2584 | D:3      | Found a faded altar of an unknown god.
  3620 | D:4      | Found a shimmering blue altar of Sif Muna.
  3901 | D:4      | Found a staircase to the Ecumenical Temple.
  3908 | Temple   | Entered the Ecumenical Temple
  4004 | Temple   | Became a worshipper of Qazlal Stormbringer
  4159 | D:4      | Noticed Menkaure
  4277 | D:4      | Killed Menkaure
  4278 | D:4      | Reached skill level 1 in Polearms
  4278 | D:4      | Reached skill level 5 in Fire Magic
  4339 | D:4      | Your scales start taking on a glossy black colour.
  4339 | D:4      | Reached XP level 7. HP: 38/50 MP: 7/12
  4339 | D:4      | Gained mutation: You are resistant to electric shocks.
                  | (rElec) [Black Draconian growth]
  4650 | D:5      | Entered Level 5 of the Dungeon
  4657 | D:5      | Noticed Raspi's ghost (novice TeGl)
  5089 | D:5      | Found a runed translucent gate.
  5089 | D:5      | Found a runed translucent gate.
  5090 | D:5      | Found a runed translucent gate.
  5573 | D:5      | Learned a level 4 spell: Sticky Flame
  5789 | D:6      | Found a basalt altar of Yredelemnul.
  5790 | D:6      | Found a transporter.
  5793 | D:6      | Found a transporter.
  5794 | D:6      | Noticed MajorAdolf's ghost (novice NaWn)
  5884 | D:6      | Identified the +4 dire flail "Regucar" {freeze, +Inv rF-
                  | rN+ Will+++}
  5884 | D:6      | Noticed a two-headed ogre
  6105 | D:6      | Reached * piety under Qazlal
  6160 | D:6      | Reached skill level 1 in Hexes
  6292 | D:6      | Found a broken altar of Ashenzari.
  6861 | D:6      | Reached skill level 6 in Fire Magic
  6861 | D:6      | Reached XP level 8. HP: 32/57 MP: 0/13
  7890 | D:7      | Reached skill level 1 in Invocations
  8212 | D:7      | Reached skill level 7 in Fire Magic
  8357 | D:7      | Reached ** piety under Qazlal
  8360 | D:7      | Reached XP level 9. HP: 57/62 MP: 11/15
  8493 | D:7      | Noticed Pikel
  8512 | D:7      | Killed Pikel
  9072 | D:7      | Reached skill level 5 in Spellcasting
  9293 | D:7      | Reached skill level 8 in Fire Magic
  9528 | D:8      | Reached skill level 5 in Dodging
  9990 | D:8      | Reached *** piety under Qazlal
 10157 | D:8      | Found a glowing golden altar of the Shining One.
 10282 | D:8      | Noticed a two-headed ogre
 10284 | D:8      | Noticed a two-headed ogre
 10308 | D:8      | Killed a two-headed ogre
 10309 | D:8      | Reached skill level 9 in Fire Magic
 10309 | D:8      | Reached XP level 10. HP: 45/69 MP: 4/18
 10432 | D:8      | Killed a two-headed ogre
 10433 | D:8      | Reached skill level 5 in Invocations
 10617 | D:8      | Noticed a cyclops
 10623 | D:8      | Killed a cyclops
 11159 | D:9      | Found a staircase to the Orcish Mines.
 11410 | D:9      | Noticed a purple ugly thing
 11427 | D:8      | Killed a purple ugly thing
 11428 | D:8      | Reached skill level 10 in Fire Magic
 11534 | D:9      | Noticed Maggie
 11649 | D:8      | Learned a level 5 spell: Fireball
 11772 | D:9      | HP: 2/69 [Maggie/bolt of fire (25)]
 11777 | D:9      | Killed from afar by Maggie

Illustrated notes

Levels and vault maps discovered:
D:1:      ncdulo_watergridlock, layout_basic
D:2:      layout_loops_ring, nicolae_gozag_cash_rules_everything_around_me,
          uniq_natasha, uniq_sigmund
D:3:      minmay_chambers_of_twos, layout_loops_ring,
          chequers_ecumenical_altar_simple_redux
D:4:      layout_rooms, led_sif_book, temple_statues, uniq_menkaure
D:5:      layout_basic, gammafunk_ghost_split
D:6:      minmay_chambers_of_threes, layout_layer_cave, lemuel_crystal_altar,
          lemuel_crystal_altar, gammafunk_ghost_smash
D:7:      layout_loops_ring, uniq_pikel
D:8:      nzn_winding_woodlands_three_and_one
          [nzn_winding_woodlands_5x15_river_crossing,
          nzn_winding_woodlands_5x15_pathside_ponds,
          nzn_winding_woodlands_5x15_pockets,
          nzn_winding_woodlands_center_pierced_h], layout_cave_pools,
          tso_metal_star
D:9:      layout_basic, lemuel_crystal_altar, old_standard_altar, orc_0_dummy,
          uniq_prince_ribbit1, uniq_maggie
Temple:   nicolae_temple_elliptical

Skill      XL: |  1  2  3  4  5  6  7  8  9 10 |
---------------+-------------------------------+-----
Stealth        | 2 3 |  3.8
Dodging        | 2 3 4 5 6 |  6.3
Spellcasting   | 3 4 5 6 |  6.5
Conjurations   | 2 3 4 |  4.0
Fire Magic     | 4 5 6 7 9 10 | 10.1
Polearms       | 1 2 3 |  3.0
Hexes          | 1 2 3 |  3.0
Invocations    | 2 4 5 |  5.9

Action                   |  1- 3 |  4- 6 |  7- 9 | 10-12 || total
-------------------------+-------+-------+-------+-------++-------
Melee: Unarmed           |     2 |       |       |       ||     2
       Tailslap          |     1 |     4 |    11 |     3 ||    19
       Scythe            |       |    41 |   119 |    33 ||   193
 Cast: Foxfire           |    59 |    64 |   217 |    32 ||   372
       Sticky Flame      |       |       |     6 |    17 ||    23
       Conjure Flame     |       |       |     1 |       ||     1
       Fireball          |       |       |       |     1 ||     1
  Use: Scroll            |       |     4 |    15 |       ||    19
       Potion            |       |       |     1 |     2 ||     3
 Stab: Sleeping          |       |     2 |       |       ||     2
Armor: Skin              |    11 |    18 |   107 |    24 ||   160
Dodge: Dodged            |    33 |    46 |   241 |    57 ||   377
Block: Other             |       |       |    39 |     6 ||    45
